 Dungeon Crawl Stone Soup version 0.29.1-15-g9cfb28693d (webtiles) character file.

Game seed: 7211213794955592860

1167 protoss039 the Digger (level 8, -1/61 HPs)
             Began as a Demonspawn Earth Elementalist on Feb 28, 2023.
             Slain by a gnoll sergeant
             ... wielding a +0 spear
              (12 damage)
             ... on level 5 of the Dungeon.
             The game lasted 00:07:31 (4944 turns).

protoss039 the Digger (DsEE)                        Turns: 4944, Time: 00:07:31

Health: -1/61      AC:  8    Str: 12    XL:     8   Next: 17%
Magic:  9/24       EV: 11    Int: 18    God:
Gold:   255        SH:  3    Dex: 14    Spells: 11/17 levels left

rFire   + . .      SeeInvis .   r - +2 hand axe (venom)
rCold   . . .      Faith    .   t - +0 buckler
rNeg    . . .      Spirit   .   q - +0 leather armour
rPois   +          Reflect  .   d - +0 helmet of Orhewk {rElec rPois Str+3 Slay+2}
rElec   +          Harm     .   e - +0 cloak
rCorr   +          Rampage  .   (no gloves)
Will    .....                   s - +0 pair of boots
Stlth   ++........              (no amulet)
HPRegen 0.20/turn               v - ring "Tialu" {rPois rCorr MP+9}
MPRegen 0.19/turn               z - ring of protection from fire

@: lethally poisoned (-1 -> -3), about to teleport
A: hooves 2, icy blue scales 1, demonic magic 1
a: no special abilities


You were on level 5 of the Dungeon.
You visited 1 branch of the dungeon, and saw 5 of its levels.

You collected 255 gold pieces.

Inventory:

Hand Weapons
 r - a +2 hand axe of venom (weapon)
 A - the +9 long sword of Agumpaes {vorpal, +Blink Stlth+}
   (You found it on level 5 of the Dungeon)

   It inflicts extra damage upon your enemies.
   +Blink:    It lets you blink.
   Stlth:     It makes you more stealthy.
Missiles
 j - 2 throwing nets
Armour
 d - the +0 helmet of Orhewk (worn) {rElec rPois Str+3 Slay+2}
   (You found it on level 2 of the Dungeon)

   Str:       It affects your strength (+3).
   Slay:      It affects your accuracy & damage with ranged weapons and melee
   (+2).
   rElec:     It insulates you from electricity.
   rPois:     It protects you from poison.
 e - a +0 cloak (worn)
 q - a +0 leather armour (worn)
 s - a +0 pair of boots (worn)
 t - a +0 buckler (worn)
Jewellery
 v - the ring "Tialu" (left hand) {rPois rCorr MP+9}
   (You found it on level 4 of the Dungeon)

   [ring of magical power]

   rPois:     It protects you from poison.
   MP:        It affects your magic capacity (+9).
   rCorr:     It protects you from acid and corrosion.
 z - a ring of protection from fire (right hand)
Wands
 y - a wand of roots (10)
Scrolls
 f - a scroll of magic mapping
 g - a scroll of fear {unknown}
 h - a scroll of identify
 i - a scroll of enchant armour {unknown}
 l - 2 scrolls of teleportation
 n - a scroll of enchant weapon {unknown}
 o - a scroll of noise {unknown}
 p - a scroll of fog {unknown}
 w - 2 scrolls of amnesia {unknown}
 x - a scroll of torment {unknown}
Potions
 a - a potion of brilliance {unknown}
 b - a potion of magic
 c - 2 potions of curing
 k - 2 potions of might
 m - a potion of flight
 u - a potion of ambrosia


   Skills:
 + Level 4.9 Fighting
 - Level 1.7 Dodging
 - Level 1.7 Stealth
 + Level 5.0 Spellcasting
 + Level 3.6 Conjurations
 - Level 0.8 Transmutations
 + Level 5.4 Earth Magic


You had 11 spell levels left.
You knew the following spells:

 Your Spells              Type           Power      Damage    Failure   Level
a - Sandblast             Erth           48%        2d12      2%          1
b - Passwall              Tmut/Erth      12%        N/A       10%         2
c - Stone Arrow           Conj/Erth      40%        3d9       11%         3

Your spell library contained the following spells:

 Spells                   Type           Power      Damage    Failure   Level
 Petrify                  Tmut/Erth      15%        N/A       54%         4


Dungeon Overview and Level Annotations

Branches:
Dungeon (5/15) Zot: 24983
 Temple: D:4-7

Altars:
Dithmenos


Innate Abilities, Weirdness & Mutations

You have hoof-like feet.
You are partially covered in icy blue scales. (AC +2)
Spells you cast may paralyse adjacent enemies.


Message History

You feel very sick.
The gnoll sergeant hits you from afar with a +0 spear.
The necrophage barely misses you. You block the gnoll sergeant's attack.
The gnoll hits you with a +0 club. The necrophage closely misses you. x2
The gnoll misses you. The gnoll sergeant barely misses you.
Unknown command.
Casting: Sandblast (safe; 3% risk of failure)
Confirm with . or Enter, or press ? or * to list all spells.
Aiming: Sandblast (safe; 3% risk of failure)
Press: ? - help, Shift-Dir - straight line, f/p - hornet
Aim: a hornet (severely wounded, paralysed, 100% to hit)
The blast of sand hits the hornet!
The hornet is almost dead.
Malevolent energies surge around you.
The necrophage suddenly stops moving!
The gnoll suddenly stops moving!
You feel sick.
The hornet is no longer paralysed.
The hornet stings you but does no damage.
The hornet stings you.
* * * LOW HITPOINT WARNING * * *
You block the gnoll sergeant's attack. The hornet barely misses you.
Unknown command.
Unknown command.
Casting: Sandblast (safe; 3% risk of failure)
Confirm with . or Enter, or press ? or * to list all spells.
Aiming: Stone Arrow (dangerous; 13% risk of failure)
Press: ? - help, Shift-Dir - straight line, f/p - hornet
Aim: a hornet (almost dead, 52% to hit)
The stone arrow hits the hornet!
You kill the hornet!
Malevolent energies surge around you.
You feel sick. The gnoll sergeant barely misses you.
Your Spellcasting skill increases to level 5!
You have reached level 8!
You feel agile.
Unknown command.
As you read the scroll of teleportation, it crumbles to dust.
You feel strangely unstable.
You feel sick. The gnoll hits you with a +0 whip.
* * * LOW HITPOINT WARNING * * *
The gnoll sergeant hits you from afar with a +0 spear!
You die...

......
.....
)...#
#)..#
#...#
#)g.####.
#g#......
#@n!#
#.g##
#..# #..#
#..#
#..###
#....#
#.#
##†#.#
#.# #.#.#
...


You could see a necrophage (paralysed), a gnoll sergeant and 2 gnolls.

Vanquished Creatures
  A hornet (D:5)
  Sigmund (D:2)
  Duvessa (D:4)
  A gnoll sergeant (D:5)
  A scorpion (D:4)
  Dowan (D:4)
  A howler monkey (D:4)
  Crazy Yiuf (D:2)
  An orc priest (D:3)
  A jelly (D:5)
  2 orc wizards
  Ijyb (D:4)
  An iguana (D:4)
  9 adders
  14 gnolls
  A white imp (D:3)
  A worm (D:4)
  11 orcs
  4 ball pythons
  2 endoplasms
  2 giant cockroaches
  8 goblins
  5 hobgoblins
  6 jackals (D:3)
  6 kobolds
  6 bats
  2 frilled lizards
  3 hobgoblin zombies (D:3)
  A kobold skeleton (D:3)
  3 kobold zombies (D:3)
  An orc skeleton (D:3)
  7 rats
106 creatures vanquished.

Vanquished Creatures (others)
  5 fungi (D:2)
5 creatures vanquished.

Grand Total: 111 creatures vanquished

Notes
Turn   | Place    | Note
-------+----------+-------------------------------------------
     0 | D:1      | protoss039 the Demonspawn Earth Elementalist began the
                  | quest for the Orb.
     0 | D:1      | Reached XP level 1. HP: 13/13 MP: 3/3
   202 | D:1      | Found a faded altar of an unknown god.
   552 | D:1      | Gained mutation: You are partially covered in icy blue
                  | scales. (AC +2) [demonic ancestry]
   552 | D:1      | Reached XP level 2. HP: 20/20 MP: 0/5
   756 | D:1      | Learned a level 2 spell: Passwall
   828 | D:2      | Reached skill level 1 in Fighting
   835 | D:2      | Reached XP level 3. HP: 17/26 MP: 1/6
  1259 | D:2      | Noticed Sigmund
  1282 | D:2      | HP: 1/27 [Sigmund/+0 scythe (9)]
  1296 | D:2      | Killed Sigmund
  1297 | D:2      | Reached XP level 4. HP: 11/34 MP: 7/9
  1297 | D:2      | Gained mutation: You have large cloven feet. [demonic
                  | ancestry]
  1297 | D:2      | Reached XP level 5. HP: 13/40 MP: 7/10
  1556 | D:2      | Identified the +0 helmet of Orhewk {rElec rPois Str+3
                  | Slay+2}
  1816 | D:2      | Learned a level 3 spell: Stone Arrow
  1888 | D:2      | Found a runed translucent door.
  1889 | D:2      | Noticed Crazy Yiuf
  1906 | D:2      | Killed Crazy Yiuf
  2281 | D:3      | Gained mutation: You have hoof-like feet. [demonic
                  | ancestry]
  2281 | D:3      | Reached XP level 6. HP: 47/47 MP: 11/11
  2409 | D:3      | Reached skill level 1 in Conjurations
  3621 | D:4      | Noticed Ijyb
  3708 | D:4      | Gained mutation: Spells you cast may paralyse adjacent
                  | enemies. [demonic ancestry]
  3708 | D:4      | Reached XP level 7. HP: 24/53 MP: 6/13
  3910 | D:4      | Identified the ring "Tialu" {rPois rCorr MP+9}
  4011 | D:4      | Noticed Dowan
  4011 | D:4      | Noticed Duvessa
  4021 | D:4      | Killed Duvessa
  4024 | D:4      | Killed Dowan
  4296 | D:4      | Killed Ijyb
  4468 | D:5      | Entered Level 5 of the Dungeon
  4468 | D:5      | Found a shadowy altar of Dithmenos.
  4558 | D:5      | Reached skill level 5 in Earth Magic
  4714 | D:5      | Identified the +9 long sword of Agumpaes {vorpal, +Blink
                  | Stlth+}
  4932 | D:5      | Noticed a hornet
  4943 | D:5      | Killed a hornet
  4944 | D:5      | Reached skill level 5 in Spellcasting
  4944 | D:5      | Reached XP level 8. HP: 14/61 MP: 9/15
  4944 | D:5      | Slain by a gnoll sergeant

Illustrated notes

Levels and vault maps discovered:
D:1:      dpeg_arrival_chambers_temple_mockup, layout_basic,
          dreamdust_ecumenical_altar_grove
D:2:      layout_rooms, nicolae_concentric_dashed_squares_wild,
          uniq_crazy_yiuf_cottage, uniq_sigmund
D:3:      layout_loops_ring, nicolae_tso_besieged_by_evil
D:4:      layout_loops_cross, nicolae_elyvilon_peaceful_grove,
          minmay_quadrilaterals, uniq_ijyb, uniq_duvessa
D:5:      layout_loops_ring, mainiacjoe_overflow_cross_hatched,
          grunt_dithmenos_smoke_and_mirrors, uniq_grinder

Skill      XL: |  1  2  3  4  5  6  7 |
---------------+----------------------+-----
Fighting       | 1 2 3 4 |  4.9
Earth Magic    | 3 4 5 |  5.4
Spellcasting   | 3 4 5 |  5.0
Conjurations   | 2 3 |  3.6
Dodging        | |  1.7
Stealth        | |  1.7
Transmutations | |  0.8

Action                   |  1- 3 |  4- 6 |  7- 9 || total
-------------------------+-------+-------+-------++-------
Melee: Dagger            |    28 |     6 |       ||    34
       Rapier            |       |    69 |       ||    69
       Kick              |       |    25 |       ||    25
       Hand axe          |       |    21 |    31 ||    52
       Punch             |       |     1 |       ||     1
 Cast: Sandblast         |    30 |    45 |    25 ||   100
       Passwall          |     1 |       |       ||     1
       Stone Arrow       |       |     1 |     7 ||     8
Evoke: Wand              |       |       |     2 ||     2
  Use: Potion            |     4 |       |       ||     4
       Scroll            |     1 |     1 |     6 ||     8
 Stab: Sleeping          |     1 |     3 |     1 ||     5
       Paralysed         |       |       |     1 ||     1
Armor: Robe              |     9 |    25 |       ||    34
       Leather armour    |       |     5 |    15 ||    20
Dodge: Dodged            |    52 |    74 |    32 ||   158
Block: Buckler           |       |       |    10 ||    10
